Workbook

Sheet Прил.4 Доходы бюджета
A1: Приложение 1
A2: к решению Муниципального Совета
A3: Каменниковского сельского поселения
A4: от 18.10.2021 г. № 28
A6: Доходы бюджета Каменниковского сельского поселения в соответствии с классификацией доходов бюджетов Российской Федерации на 2021 год
C8: руб.
A9: Код бюджетной классификации РФ | B9: Наименование доходов | C9: 2021 год
A11: 1 | B11: 2 | C11: 3
A12: 000 1 00 00000 00 0000 000 | B12: Налоговые и неналоговые доходы | C12: =C13+C26+C31+C33+C15+C24+C35 -> 5206300
A13: 182 1 01 00000 00 0000 000 | B13: Налоги на прибыль, доходы | C13: =C14 -> 300000
A14: 182 1 01 02010 01 1000 110 | B14: Налог на доходы физических лиц с доходов, источником которых является налоговый агент, за исключением доходов, в отношении которых исчисление и уплата налога осуществляются в соответствии со статьями 227, 227-1 и 228 Налогового кодекса Российской Федерации | C14: 300000
A15: 100 1 03 00000 00 0000 000 | B15: Налоги на товары (работы, услуги) реализуемые на территории РФ | C15: =SUM(C16:C23) -> 893000
A16: 100 1 03 02 23101 0000 110 | B16: Доходы от уплаты акцизов на дизельное топливо, зачисляемые в консолидированные бюджеты субъектов Российской Федерации | C16: 408000
A17: 100 1 03 02230 01 0000 110 | B17: Доходы от уплаты акцизов на дизельное топливо, зачисляемые в консолидированные бюджеты субъектов Российской Федерации
A18: 100 1 03 02240 01 0000 110 | B18: Доходы от уплаты акцизов на моторные масла для дизельных и (или) карбюраторных (инжекторных) двигателей, зачисляемые в консолидированные бюджеты субъектов Российской Федерации
A19: 100 1 03 02250 01 0000 110 | B19: Доходы от уплаты акцизов на автомобильный бензин, производимый на территории Российской Федерации, зачисляемые в консолидированные бюджеты субъектов Российской Федерации
A20: 100 1 03 02260 01 0000 110 | B20: Доходы от уплаты акцизов на прямогонный бензин, производимый на территории Российской Федерации, зачисляемые в консолидированные бюджеты субъектов Российской Федерации
A21: 100 1 03 02 24101 0000 110 | B21: Доходы от уплаты акцизов на моторные масла для дизельных и (или) карбюраторных (инжекторных) двигателей, зачисляемые в консолидированные бюджеты субъектов Российской Федерации | C21: 2000
A22: 100 1 03 02 25101 0000 110 | B22: Доходы от уплаты акцизов на автомобильный бензин, производимый на территории Российской Федерации, зачисляемые в консолидированные бюджеты субъектов Российской Федерации | C22: 535000
A23: 100 1 03 02 26101 0000 110 | B23: Доходы от уплаты акцизов на прямогонный бензин, производимый на территории Российской Федерации, зачисляемые в консолидированные бюджеты субъектов Российской Федерации | C23: -52000
A24: 182 1 05 00000 00 0000 000 | B24: Налоги на совокупный доход | C24: =C25 -> 23000
A25: 182 1 05 03010 01 1000 110 | B25: Единый сельскохозяйственный налог | C25: 23000
A26: 182 1 06 00000 00 0000 000 | B26: Налоги на имущество | C26: =C27+C28 -> 3307000
A27: 182 1 06 01030 10 1000 110 | B27: Налог на имущество физических лиц, взимаемый по ставкам, применяемым к объектам налогообложения, расположенным в границах сельских поселений | C27: 1077000
A28: 182 1 06 06000 00 0000 110 | B28: Земельный налог | C28: =C29+C30 -> 2230000
A29: 182 1 06 06033 10 1000 110 | B29: Земельный налог с организаций, обладающих земельным участком, расположенным в границах сельских поселений (сумма платежа) | C29: =1730000-300000 -> 1430000
A30: 182 1 06 06043 10 1000 110 | B30: Земельный налог с физических лиц, обладающих земельным участком, расположенным в границах сельских поселений (сумма платежа) | C30: 800000
A31: 240 1 08 00000 00 0000 000 | B31: Государственная пошлина | C31: =C32 -> 10000
A32: 240 1 08 04020 01 0000 110 | B32: Государственная пошлина за совершение нотариальных действий должностными лицами органов местного самоуправления, уполномоченными в соответствии с законодательными актами Российской Федерации на совершение нотариальных действий | C32: 10000
A33: 240 1 11 00000 00 0000 000 | B33: Доходы от использования имущества, находящегося в государственной и муниципальной собственности | C33: =C34 -> 650000
A34: 240 1 11 09045 10 0000 120 | B34: Прочие поступления от использования имущества, находящегося в собственности сельских поселений (за исключением имущества муниципальных бюджетных и автономных учреждений, а также имущества муниципальных унитарных предприятий, в том числе казенных | C34: 650000
A35: 240 1 14 00000 00 0000 000 | B35: Доходы от продажи материальных и нематериальных активов | C35: =C36 -> 23300
A36: 240 1 14 02053 10 0000 440 | B36: Доходы от реализации иного имущества, находящегося в собственности сельских поселений (за исключением имущества муниципальных бюджетных и автономных учреждений, а также имущества муниципальных унитарных предприятий, в том числе казенных), в части реализации материальных запасов по указанному имуществу | C36: 23300
A37: 000 2 00 00000 00 0000 000 | B37: Безвозмездные поступления | C37: =C38 -> 12404783
A38: 240 2 02 00000 00 0000 000 | B38: Безвозмездные поступления от других бюджетов бюджетной системы Российской Федерации | C38: =SUM(C39:C45) -> 12404783
A39: 240 2 02 15001 10 0000 150 | B39: Дотации бюджетам поселений на выравнивание бюджетной обеспеченности | C39: =6711000+22000 -> 6733000
A40: 240 2 02 35118 10 0000 150 | B40: Субвенции бюджетам сельских поселений на осуществление первичного воинского учета на территориях, где отсутствуют военные комиссариаты | C40: 238636
A41: 240 2 02 40014 10 0000 150 | B41: Межбюджетные трансферты, передаваемые бюджетам сельских поселений из бюджетов муниципальных районов на осуществление части полномочий по решению вопросов местного значения в соответствии с заключенными соглашениями | C41: 300000
A42: 240 2 02 20299 10 0000 150 | B42: Субсидии бюджетам сельских поселений на обеспечение мероприятий по переселению граждан из аварийного жилищного фонда, в том числе переселению граждан из аварийного жилищного фонда с учетом необходимости развития малоэтажного жилищного строительства, за счет средств, поступивших от государственной корпорации - Фонда содействия реформированию жилищно-коммунального хозяйства | C42: 3100893
A43: 240 2 02 20302 10 0000 150 | B43: Субсидии бюджетам сельских поселений на обеспечение мероприятий по переселению граждан из аварийного жилищного фонда, в том числе переселению граждан из аварийного жилищного фонда с учетом необходимости развития малоэтажного жилищного строительства, за счет средств бюджетов | C43: 122741
A44: 240 2 02 25497 10 0000 150 | B44: Субсидии бюджетам сельских поселений на реализацию мероприятий по обеспечению жильем молодых семей | C44: =252467+177058 -> 429525
A45: 240 2 02 20041 10 0000 150 | B45: Субсидии бюджетам сельских поселений на строительство, модернизацию, ремонт и содержание автомобильных дорог общего пользования, в том числе дорог в поселениях (за исключением автомобильных дорог федерального значения) | C45: 1479988
A46: ВСЕГО: | C46: =C12+C37 -> 17611083

Sheet Прил.5 Расходы бюджета
C1: Приложение 2
C2: к решению Муниципального Совета
C3: Каменниковского сельского поселения
A4: от 18.10.2021 г. № 28
A7: Расходы бюджета Каменниковского сельского поселения по разделам и подразделам функциональной классификации расходов бюджетов Российской Федерации на 2021 год
C8: руб.
A9: Р ПР | B9: Наименование | C9: 2021 год
A10: 01 00 | B10: Общегосударственные вопросы | C10: =SUM(C11:C16) -> 5585788
A11: 01 02 | B11: Функционирование высшего должностного лица субъекта Российской Федерации и местного самоуправления | C11: 872340
A12: 01 03 | B12: Функционирование законодательных (представительных) органов государственной власти и представительных органов муниципальных образований | C12: =66000-36000 -> 30000
A13: 01 04 | B13: Функционирование Правительства Российской Федерации, высших органов исполнительной власти субъектов Российской Федерации, местных администраций | C13: =3334435.53-3000-0.53 -> 3331435
A14: 01 06 | B14: Обеспечение деятельности финансовых органов и органов финансового (финансово-бюджетного ) надзора | C14: 127680
A15: 01 11 | B15: Резервные фонды | C15: 20000
A16: 01 13 | B16: Другие общегосударственные вопросы | C16: =1081533+96300+26500 -> 1204333
A17: 02 00 | B17: Национальная оборона | C17: =C18 -> 238636
A18: 02 03 | B18: Мобилизационная и вневойсковая подготовка | C18: 238636
A19: 03 00 | B19: Национальная безопасность и правоохранительная деятельность | C19: =C20 -> 150000
A20: 03 10 | B20: Защита населения и территории от чрезвычайных ситуаций природного и техногенного характера, пожарная безопасность | C20: =210000-60000 -> 150000
A21: 04 00 | B21: Национальная экономика | C21: =C22+C23 -> 2862904.1
A22: 04 09 | B22: Дорожное хозяйство | C22: =2729904.08+100000 -> 2829904.1
A23: 04 12 | B23: Другие вопросы в области национальной экономики | C23: 33000
A24: 05 00 | B24: Жилищно-коммунальное хозяйство | C24: =C25+C26+C27+C28 -> 7493179
A25: 05 01 | B25: Жилищное хозяйство | C25: =3634634+50000 -> 3684634
A26: 05 02 | B26: Коммунальное хозяйство | C26: 6000
A27: 05 03 | B27: Благоустройство | C27: =3307000+494533-494533 -> 3307000
A28: 05 05 | B28: Другие вопросы в области жилищно-коммунального хозяйства | C28: =495544.47+0.53 -> 495545
A29: 07 00 | B29: Образование | C29: =C31+C30 -> 140000
A30: 07 05 | B30: Профессиональная подготовка, переподготовка и повышение квалификации | C30: 20000
A31: 07 07 | B31: Молодежная политика и оздоровление детей | C31: 120000
A32: 08 00 | B32: Культура, кинематография | C32: =C33 -> 398398.53
A33: 08 01 | B33: Культура | C33: =330000+36000+32398.53 -> 398398.53
A34: 10 00 | B34: Социальная политика | C34: =C36+C35 -> 754998
A35: 10 01 | B35: Пенсионное обеспечение | C35: =66000-16500 -> 49500
A36: 10 03 | B36: Социальное обеспечение населения | C36: =560838.53+177058-32398.53 -> 705498
A37: 11 00 | B37: Физическая культура и спорт | C37: =C38 -> 100000
A38: 11 02 | B38: Массовый спорт | C38: 100000
A39: Всего | C39: =C10+C17+C19+C21+C24+C29+C32+C37+C34 -> 17723904

Sheet Прил. 6 Расходы бюджета
A1: Приложение 3
C2: к решению Муниципального Совета
B3: Каменниковского сельского поселения
D4: от 18.10.2021 г. № 28
A7: Распределение расходов бюджета Каменниковского сельского поселения по разделам, подразделам, целевым статьям, видам расходов функциональной классификации на 2021 год
F8: руб.
A9: Наименование | B9: Раздел | C9: ПР | D9: КЦСР | E9: КВР | F9: 2021 год
A10: 1 | B10: 2 | C10: 3 | D10: 4 | E10: 5 | F10: 6
A11: Общегосударственные вопросы | B11: 01 | F11: =F14+F18+F21+F32+F37+F41 -> 5585788
A12: Непрограмные расходы органов местного самоуправления | D12: 50 0 00 00000 | F12: =F13+F38 -> 4374455
A13: Обеспечение функционирования органов местного самоуправления | D13: 50 1 00 00000 | F13: =F15+F19+F22+F33+F35 -> 4354455
A14: Функционирование высшего должностного лица субъекта РФ и органа местного самоуправления | C14: 02 | F14: =F15 -> 872340
A15: Обеспечение функционирования главы муниципального образования | D15: 50 1 00 20540 | F15: =F16+F17 -> 872340
A16: Фонд оплаты труда государственных (муниципальных) органов | E16: 121 | F16: 670000
A17: Взнос по обязательному социальному страхованию на выплаты денежного содержания и иные выплаты работникам государственных (муниципальных) органов | E17: 129 | F17: 202340
A18: Функционирование законодательных (представительных) органов государственной власти и представительных органов муниципальных образований | C18: 03 | F18: =F19 -> 30000
A19: Обеспечение функционирования депутатов представительного органа муниципального образования | D19: 50 1 00 20490 | F19: =F20 -> 30000
A20: Иные выплаты, за исключением фонда оплаты труда государственных (муниципальных) органов, лицам, привлекаемым согласно законодательству для выполнения отдельных полномочий | E20: 123 | F20: =66000-36000 -> 30000
A21: Функционирование Правительства РФ, высших органов исполнительной власти субъектов Российской Федерации, местных администраций | C21: 04 | F21: =F22+F30 -> 3331435
A22: Обеспечение функционирования центрального аппарата | D22: 50 1 00 20550 | F22: =F23+F24+F25+F26+F27+F28+F29 -> 3324435
A23: Фонд оплаты труда государственных (муниципальных) органов и взносы по обязательному социальному страхованию | E23: 121 | F23: 2450000
A24: Иные выплаты персоналу государственных (муниципальных) органов, за исключением фонда оплаты труда | E24: 122 | F24: 5000
A25: Взнос по обязательному социальному страхованию на выплаты денежного содержания и иные выплаты работникам государственных (муниципальных) органов | E25: 129 | F25: 740000
A26: Прочая закупка товаров, работ и услуг | E26: 244 | F26: =119435-22000-7000 -> 90435
A27: Уплата налога на имущество организаций и земельного налога | E27: 851 | F27: 5000
A28: Уплата прочих налогов, сборов и иных платежей | E28: 852 | F28: 10000
A29: Уплата иных платежей | E29: 853 | F29: 24000
A30: Межбюджетные трансферты бюджету района из бюджета поселения на реализацию передаваемых полномочий в сфере осуществления закупок товаров, работ, услуг для обеспечения муниципальных нужд | D30: 50 1 00 20510 | F30: =F31 -> 7000
A31: Иные межбюджетные трансферты | E31: 540 | F31: 7000
A32: Обеспечение деятельности финансовых органов и органов финансового (финансово-бюджетного ) надзора | C32: 06 | F32: =F33+F35 -> 127680
A33: Межбюджетные трансферты бюджету района из бюджета поселения на казначейское исполнение бюджета | D33: 50 1 00 20500 | F33: =F34 -> 87680
A34: Иные межбюджетные трансферты | E34: 540 | F34: 87680
A35: Межбюджетные трансферты бюджету района из бюджета поселения на осуществление внешнего муниципального финансового контроля | D35: 50 1 00 20520 | F35: =F36 -> 40000
A36: Иные межбюджетные трансферты | E36: 540 | F36: 40000
A37: Резервные фонды | C37: 11 | F37: =F39 -> 20000
A38: Непрограмные расходы органов местного самоуправления не предусмотренные иными целевыми статьями расходов бюджетов поселений, по соответствующим направлениям расходов | D38: 50 2 00 00000 | F38: =F39 -> 20000
A39: Резервный фонд местной администрации | D39: 50 2 00 20540 | F39: =F40 -> 20000
A40: Резервные средства | E40: 870 | F40: 20000
A41: Другие общегосударственные вопросы | C41: 13 | F41: =F42+F49 -> 1204333
A42: Муниципальная программа "Эффективная власть в Каменниковском сельском поселении Рыбинского муниципального района" | D42: 17 0 00 00000 | F42: =F43 -> 896300
A43: Развитие муниципальной службы в Каменниковском сельском поселении | D43: 17 1 00 00000 | F43: =F44 -> 896300
A44: Развитие материально-технической базы | D44: 17 1 00 20060 | F44: =F45+F46+F48+F47 -> 896300
A45: Закупка товаров, работ, услуг в сфере информационно-коммуникационных технологий | E45: 242 | F45: =344846.4+56300 -> 401146.4
A46: Прочая закупка товаров, работ и услуг | E46: 244 | F46: =245145.6+50000+40000 -> 335145.6
A47: Закупка энергетических ресурсов | E47: 247 | F47: 140248
A48: Уплата иных платежей | E48: 853 | F48: 19760
A49: Муниципальная программа "Управление муниципальным имуществом Каменниковского сельского поселения Рыбинского муниципального района" | D49: 18 0 00 00000 | F49: =F50 -> 308033
A50: Мероприятия по управлению и распоряжению имуществом Каменниковского сельского поселения | D50: 18 1 00 00000 | F50: =F51 -> 308033
A51: Мероприятия по управлению и распоряжению имуществом, находящимся в муниципальной собственности поселения | D51: 18 1 00 20430 | F51: =F52 -> 308033
A52: Прочая закупка товаров, работ и услуг | E52: 244 | F52: =270000+11533+26500 -> 308033
A53: Национальная оборона | B53: 02 | F53: =F54 -> 238636
A54: Мобилизационная и вневойсковая подготовка | C54: 03 | F54: =F58+F59 -> 238636
A55: Непрограмные расходы органов местного самоуправления | D55: 50 0 00 00000 | F55: =F56 -> 238636
A56: Обеспечение функционирования органов местного самоуправления | D56: 50 1 00 00000 | F56: =F57 -> 238636
A57: Осуществление первичного воинского учета на территориях, где отсутствуют военные комиссариаты | D57: 50 1 00 51180 | F57: =F58+F59 -> 238636
A58: Фонд оплаты труда государственных (муниципальных) органов и взносы по обязательному социальному страхованию | E58: 121 | F58: 183284.18
A59: Взнос по обязательному социальному страхованию на выплаты денежного содержания и иные выплаты работникам государственных (муниципальных) органов | E59: 129 | F59: 55351.82
A60: Национальная безопасность и правоохранительная деятельность | B60: 03 | F60: =F61 -> 150000
A61: Защита населения и территории от чрезвычайных ситуаций природного и техногенного характера, пожарная безопасность | C61: 10 | F61: =F62 -> 150000
A62: Муниципальная программа "Защита населения и территории Каменниковского сельского поселения Рыбинского муниципального района от чрезвычайных ситуаций, обеспечение пожарной безопасности и безопасности людей на водных объектах" | D62: 09 0 00 00000 | F62: =F63 -> 150000
A63: Повышение эффективности мероприятий по гражданской обороне, предупреждение и ликвидация чрезвычайных ситуаций и обеспечение безопасности людей на водных объектах в поселениях Рыбинского МР | D63: 09 1 00 00000 | F63: =F64+F66 -> 150000
A64: Обеспечение пожарной безопасности | D64: 09 1 00 20310 | F64: =F65 -> 90000
A65: Прочая закупка товаров, работ и услуг | E65: 244 | F65: =150000-60000 -> 90000
A66: Обеспечение защиты населения и территорий от чрезвычайных ситуаций | D66: 09 1 00 20781 | F66: =F67 -> 60000
A67: Прочая закупка товаров, работ и услуг | E67: 244 | F67: 60000
A68: Национальная экономика | B68: 04 | F68: =F69+F80 -> 2862904.1
A69: Дорожное хозяйство | C69: 09 | F69: =F70 -> 2829904.1
A70: Муниципальная программа "Развитие дорожного хозяйства в Каменниковском сельском поселении Рыбинского муниципального района" | D70: 07 0 00 00000 | F70: =F71 -> 2829904.1
A71: Мероприятия в области дорожного хозяйства Каменниковского сельского поселения | D71: 07 1 00 00000 | F71: =F72+F74+F76+F78 -> 2829904.1
A72: Мероприятия в области дорожного хозяйства за счет средств бюджета поселения | D72: 07 1 00 20280 | F72: =F73 -> 971916.08
A73: Прочая закупка товаров, работ и услуг | E73: 244 | F73: =893000+56916.08-78000+100000 -> 971916.08
A74: Мероприятия по финансированию дорожного хозяйства за счет средств бюджета района | D74: 07 1 00 10240 | F74: =F75 -> 300000
A75: Прочая закупка товаров, работ и услуг для обеспечения государственных (муниципальных) нужд | E75: 244 | F75: 300000
A76: Мероприятия по финансированию дорожного хозяйства за счёт средств областного бюджета | D76: 07 1 00 72440 | F76: =F77 -> 1479988
A77: Прочая закупка товаров, работ и услуг для обеспечения государственных (муниципальных) нужд | E77: 244 | F77: 1479988
A78: Мероприятия по финансированию дорожного хозяйства (софинансирование из местного бюджета) | D78: 07 1 00 22440 | F78: =F79 -> 78000
A79: Прочая закупка товаров, работ и услуг для обеспечения государственных (муниципальных) нужд | E79: 244 | F79: 78000
A80: Другие вопросы в области национальной экономики | C80: 12 | F80: =F81 -> 33000
A81: Мероприятия по землеустройству и землепользованию | D81: 15 1 00 20400 | F81: =F82 -> 33000
A82: Прочая закупка товаров, работ и услуг для обеспечения государственных (муниципальных) нужд | E82: 244 | F82: 33000
A83: Жилищно-коммунальное хозяйство | B83: 05 | F83: =F84+F98+F103+F118 -> 7493179
A84: Жилищное хозяйство | C84: 01 | F84: =F88+F90+F89 -> 3684634
A85: Муниципальная программа "Управление муниципальным имуществом Каменниковского сельского поселения Рыбинского муниципального района" | D85: 18 0 00 00000 | F85: =F87+F102 -> 341000
A86: Мероприятия по управлению и распоряжению имуществом, находящимся в муниципальной собственности поселения | D86: 18 1 00 00000 | F86: =F87 -> 335000
A87: Мероприятия по управлению и распоряжению имуществом, находящимся в муниципальной собственности поселения | D87: 18 1 00 20430 | F87: =F88+F89 -> 335000
A88: Прочая закупка товаров, работ и услуг | E88: 244 | F88: =102000+50000 -> 152000
A89: Закупка энергетических ресурсов | E89: 247 | F89: 183000
A90: Муниципальная программа "Обеспечение доступным и комфортным жильем населения Каменниковского сельского поселения" | D90: 05 0 00 00000 | F90: =F91 -> 3349634
A91: МП "Переселение граждан из аварийного жилищного фонда Каменниковского сельского поселения Рыбинского муниципального района Ярославской области с учётом необходимости развития малоэтажного жилищного строительства" | D91: 05 1 00 00000 | F91: =F92+F94+F96 -> 3349634
A92: Мероприятия по переселению граждан из аварийного жилищного фонда, в том числе переселению граждан из аварийного жилищного фонда с учётом необходимости развития малоэтажного жилищного строительства, за счёт средств местного бюджета в рамках регионального проекта "Обеспечение устойчивого сокращения непригодного для проживания жилищного фонда" | D92: 05 1 F3 6748S | F92: =F93 -> 126000
A93: Бюджетные инвестиции на приобретение объектов недвижимого имущества в государственную (муниципальную) собственность | E93: 412 | F93: 126000
A94: Субсидия на обеспечение мероприятий по переселению граждан из аварийного жилищного фонда, в том числе переселению граждан из аварийного жилищного фонда с учётом необходимости развития малоэтажного жилищного строительства, за счёт средств, поступивших от государственной корпорации-Фонда содействия реформированию жилищно-коммунального хозяйства в рамках регионального проекта "Обеспечение устойчивого сокращения непригодного для проживания жилищного фонда" | D94: 05 1 F3 67483 | F94: =F95 -> 3100893
A95: Бюджетные инвестиции на приобретение объектов недвижимого имущества в государственную (муниципальную) собственность | E95: 412 | F95: 3100893
A96: Субсидия на обеспечение мероприятий по переселению граждан из аварийного жилищного фонда, в том числе переселению граждан из аварийного жилищного фонда с учётом необходимости развития малоэтажного жилищного строительства, за счёт средств областного бюджета в рамках регионального проекта "Обеспечение устойчивого сокращения непригодного для проживания жилищного фонда" | D96: 05 1 F3 67484 | F96: =F97 -> 122741
A97: Бюджетные инвестиции на приобретение объектов недвижимого имущества в государственную (муниципальную) собственность | E97: 412 | F97: 122741
A98: Коммунальное хозяйство | C98: 02 | F98: =F99 -> 6000
A99: Муниципальная программа "Управление муниципальным имуществом Каменниковского сельского поселения Рыбинского муниципального района" | D99: 18 0 00 00000 | F99: =F100 -> 6000
A100: Мероприятия по управлению и распоряжению имуществом, находящимся в муниципальной собственности поселения | D100: 18 1 00 00000 | F100: =F101 -> 6000
A101: Мероприятия по управлению и распоряжению имуществом, находящимся в муниципальной собственности поселения | D101: 18 1 00 20430 | F101: =F102 -> 6000
A102: Прочая закупка товаров, работ и услуг | E102: 244 | F102: 6000
...

Sheet Прил.8 Ведомственная
A1: Приложение 4 | D1: Приложение 4
A2: к решению Муниципального Совета | D2: к проекту решения Муниципального Совета
A3: Каменниковского сельского поселения | D3: Каменниковского сельского поселения
A4: от 18.10.2021 г. № 28 | D4: от 22.12.2015 года № 12
A7: Ведомственная структура расходов бюджета Каменниковского сельского поселения на 2021 год
C8: руб.
A9: Код ГРБС | B9: Наименование главного распорядителя бюджетных средств | C9: 2021 год
A10: 240 | B10: Администрация Каменниковского сельского поселения | C10: ='Прил.5 Расходы бюджета'!C39-'Прил.5 Расходы бюджета'!C12 -> 17693904
A11: 241 | B11: Муниципальный Совет Каменниковского сельского поселения | C11: ='Прил.5 Расходы бюджета'!C12 -> 30000
A12: Итого: | C12: =C10+C11 -> 17723904

Sheet Прил.9 Источники
A1: Приложение 5 | D1: Приложение 4
A2: к решению Муниципального Совета | D2: к проекту решения Муниципального Совета
A3: Каменниковского сельского поселения | D3: Каменниковского сельского поселения
A4: от 18.10.2021 г. № 28 | D4: от 22.12.2015 года № 12
A8: Источники внутреннего финансирования дефицита бюджета Каменниковского сельского поселения на 2021 год
C10: руб.
A11: Наименование | B11: Код бюджетной классификации | C11: 2021 год
A12: 1 | B12: 2 | C12: 3
A13: Бюджетные кредиты от других бюджетов бюджетной системы Российской Федерации | B13: 240 01 03 00 00 00 0000 000 | C13: 2 000,000
A14: Получение кредитов от других бюджетов бюджетной системы Российской Федерации бюджетами поселений в валюте Российской Федерации (бюджетный кредит на финансирование целевых расходов) | B14: 240 01 03 01 00 10 4610 710 | C14: 2000
A15: Погашение бюджетами поселений кредитов от других бюджетов бюджетной системы Российской Федерации в валюте Российской Федерации (бюджетный кредит на финансирование целевых расходов) | B15: 240 01 03 01 00 10 4610 810 | C15: 0
A16: Изменение остатков средств на счетах по учету средств бюджета | B16: 240 01 05 00 00 00 0000 000 | C16: =C17-C18 -> -112820.61
A17: Увеличение прочих остатков денежных средств бюджетов сельских поселений | B17: 240 01 05 02 01 10 0000 510 | C17: ='Прил.4 Доходы бюджета'!C46 -> 17611083
A18: Уменьшение прочих остатков денежных средств бюджетов сельских поселений | B18: 240 01 05 02 01 10 0000 610 | C18: ='Прил.5 Расходы бюджета'!C39 -> 17723904
A19: ИТОГО источников внутреннего финансирования | C19: =C16 -> -112820.61

Sheet Прил.10 Программы
A1: Приложение 6 | D1: Приложение 4
A2: к решению Муниципального Совета | D2: к проекту решения Муниципального Совета
A3: Каменниковского сельского поселения | D3: Каменниковского сельского поселения
A4: от 18.10.2021 г. № 28 | D4: от 22.12.2015 года № 12
B7: Перечень муниципальных программ Каменниковского сельского поселения Рыбинского муниципального района
C9: руб.
A10: № п/п | B10: Наименование | C10: Сумма, планируемая на 2021 год
B11: Бюджетные кредиты от других бюджетов бюджетной системы Российской Федерации | C11: 2 000,000
B12: Получение кредитов от других бюджетов бюджетной системы Российской Федерации бюджетами поселений в валюте Российской Федерации (бюджетный кредит на финансирование целевых расходов) | C12: 2000
B13: Погашение бюджетами поселений кредитов от других бюджетов бюджетной системы Российской Федерации в валюте Российской Федерации (бюджетный кредит на финансирование целевых расходов) | C13: 0
A14: 1 | B14: ='[1]Прил. 6 Расходы бюджета'!A122 -> Муниципальная программа "Эффективная власть в Каменниковском сельском поселении Рыбинского муниципального района" | C14: 916300
A15: 2 | B15: ='[2]Прил. 6 Расходы бюджета'!A60 -> Муниципальная программа "Защита населения и территории Каменниковского сельского поселения Рыбинского муниципального района от чрезвычайных ситуаций, обеспечение пожарной безопасности и безопасности людей на водных объектах" | C15: 150000
A16: 3 | B16: ='[2]Прил. 6 Расходы бюджета'!A68 -> Муниципальная программа "Развитие дорожного хозяйства в Каменниковском сельском поселении Рыбинского муниципального района" | C16: 2829904.1
A17: 4 | B17: ='[2]Прил. 6 Расходы бюджета'!A76 -> Муниципальная программа "Управление муниципальным имуществом Каменниковского сельского поселения Рыбинского муниципального района" | C17: 1066033
A18: 5 | B18: ='[2]Прил. 6 Расходы бюджета'!A91 -> Муниципальная программа "Благоустройство Каменниковского сельского поселения Рыбинского муниципального района" | C18: ='Прил. 6 Расходы бюджета'!F103 -> 3307000
A19: 6 | B19: ='[1]Прил. 6 Расходы бюджета'!A144 -> Муниципальная программа "Обеспечение доступным и комфортным жильем населения Каменниковского сельского поселения Рыбинского муниципального района" | C19: 4055132
A20: 7 | B20: ='[1]Прил. 6 Расходы бюджета'!A127 -> Муниципальная программа "Молодежная политика в Каменниковском сельском поселении Рыбинского муниципального района" | C20: ='[2]Прил. 6 Расходы бюджета'!F119 -> 120000
A21: 8 | B21: ='[1]Прил. 6 Расходы бюджета'!A133 -> Муниципальная программа "Развитие культуры и туризма в Каменниковском сельском поселении Рыбинского муниципального района" | C21: 398398.53
A22: 9 | B22: ='[2]Прил. 6 Расходы бюджета'!A142 -> Муниципальная программа "Развитие физической культуры и спорта в Каменниковском сельском поселении Рыбинского муниципального района" | C22: ='[2]Прил. 6 Расходы бюджета'!F142 -> 100000
A23: 10 | B23: ='[2]Прил. 6 Расходы бюджета'!A131 -> Муниципальная программа "Социальная поддержка населения Каменниковского сельского поселения Рыбинского муниципального района " | C23: 49500
A24: 11 | B24: ='[1]Прил. 6 Расходы бюджета'!A107 -> Муниципальная программа "Комплексное развитие сельской территории Каменниковского сельского поселения Рыбинского муниципального района" | C24: 0
A25: 12 | B25: Муниципальная программа «Мероприятия по землеустройству и землепользованию в Каменниковском сельском поселении Рыбинского муниципального района» на 2021 год | C25: 33000
A26: 13 | B26: ='Прил. 6 Расходы бюджета'!A114 -> Муниципальная программа "Формирование комфортной городской (сельской) среды Каменниковского сельского поселения Рыбинского муниципального района" | C26: 5000
B27: Итого | C27: =SUM(C14:F26) -> 13030268
